 Dungeon Crawl Stone Soup version 0.20-a0-969-g5a5da1e (webtiles) character file.

29149 HAWKINGL3623 the Cleaver (level 13, -5/117 HPs)
             Began as a Deep Dwarf Fighter on Sept 26, 2017.
             Was the Champion of Zin.
             Slain by an orc knight
             ... wielding a +0 war axe
              (34 damage)
             ... on level 2 of the Orcish Mines.
             The game lasted 01:30:18 (12408 turns).

HAWKINGL3623 the Cleaver (Deep Dwarf Fighter)      Turns: 12408, Time: 01:30:19

Health: -5/117     AC: 20    Str: 25    XL:     13   Next: 13%
Magic:  19/19      EV:  8    Int:  9    God:    Zin [******]
Gold:   538        SH: 12    Dex: 15    Spells: 14/14 levels left

rFire    . . .     SeeInvis +   s - +4 hand axe (venom)
rCold    . . .     Gourm    .   c - +0 shield
rNeg     . . .     Faith    +   x - +1 plate armour of the Sun {rElec Dex+3} (curse)
rPois    .         Spirit   .   o - +1 helmet {SInv}
rElec    +         Reflect  .   h - scarf {repulsion}
rCorr    .         Harm     .   l - +0 pair of gloves
MR       +....                  v - +0 pair of boots
Stlth    ..........             H - amulet of faith
Regen    0.0/turn               a - ring of flight
MPRegen  0.2/turn               I - ring of magical power

@: non-regenerating, repel missiles
A: damage resistance, heal wounds, sense surroundings 2, no regeneration
a: Heal Wounds, Recite, Vitalisation, Imprison, Sanctuary, Donate Gold, Cure All
Mutations, Renounce Religion, Evoke Flight


You were on level 2 of the Orcish Mines.
You worshipped Zin.
Zin was exalted by your worship.
You were very hungry.

You visited 3 branches of the dungeon, and saw 14 of its levels.
You also visited: Sewer and Bailey.

You collected 1051 gold pieces.
You spent 225 gold pieces at shops.
You donated 288 gold pieces to Zin.

Inventory:

Hand Weapons
 p - a +0 dagger of holy wrath
 q - a +0 hunting sling
 s - a +4 hand axe of venom (weapon)
Missiles
 g - 426 stones
 u - 98 bolts
 y - 10 tomahawks (quivered)
 A - a throwing net
Armour
 c - a +0 shield (worn)
 h - a scarf of repulsion (worn)
 l - a +0 pair of gloves (worn)
 o - a +1 helmet of see invisible (worn)
 v - a +0 pair of boots (worn)
 x - the cursed +1 plate armour of the Sun (worn) {rElec Dex+3}
   (You found it on level 10 of the Dungeon)

   It affects your dexterity (+3).
   It insulates you from electricity.
   It has a curse placed upon it.
Jewellery
 a - a ring of flight (left hand)
 H - an amulet of faith (around neck)
 I - a ring of magical power (right hand)
Wands
 r - a wand of digging (16/24)
 z - a wand of lightning (14/15)
 K - a wand of confusion (41/48)
Scrolls
 k - 2 scrolls of identify
 n - 2 scrolls of teleportation
 w - 2 scrolls of remove curse
 C - a scroll of fog
 G - a scroll of immolation
Potions
 d - 3 potions of might
 t - a potion of heal wounds
 B - 4 potions of agility
 D - 5 potions of curing
 E - 2 potions of brilliance
 F - 3 potions of flight
Comestibles
 f - 5 bread rations
 i - 5 royal jellies
 j - 6 meat rations
 m - 2 fruits


   Skills:
 + Level 7.8 Fighting
 + Level 2.6 Short Blades
 + Level 11.1 Axes
 + Level 9.0(9.3) Slings
 + Level 3.1(5.7) Throwing
 + Level 9.4 Armour
 + Level 3.3 Dodging
 + Level 6.0 Stealth
 + Level 10.1 Shields
 + Level 1.5 Unarmed Combat
 + Level 1.4 Spellcasting
 + Level 7.9 Invocations
 + Level 3.8 Evocations


You had 14 spell levels left.
You didn't know any spells.

Dungeon Overview and Level Annotations

Branches:
Dungeon (11/15)            Temple (1/1) D:4             Orc (2/2) D:10
   Lair: D:8-11         Elf: Orc:2

Altars:
Cheibriados
Fedhas
Makhleb
Nemelex Xobeh
Okawaru
Sif Muna
Trog
Uskayaw
Vehumet
Xom
Zin
The Shining One

Shops:
D:9 =   Orc:1 [

Annotations:
D:5 mattiecakes's ghost, novice TrFi
D:8 exclusion: oklob plant


Innate Abilities, Weirdness & Mutations

You are resistant to damage.
You can heal yourself by infusing magical energy.
You passively map the area around you.
You do not regenerate.


Message History

You feel much better. The orc knight hits you with a war axe!
The orc priest invokes the aid of Beogh against you.
Beogh smites you!
* * * LOW HITPOINT WARNING * * *
The orc knight hits you with an enchanted long sword.
* * * LOW HITPOINT WARNING * * *
The orc priest closely misses you.
You feel much better. You block the orc warrior's attack.
The orc knight hits you with a war axe!!
* * * LOW HITPOINT WARNING * * *
You block the orc knight's attack.
The orc knight hits you but does no damage.
The orc priest looks satisfied for a moment.
The orc knight hits you but does no damage.
The orc priest hits you but does no damage.
You feel much better. You block the orc knight's attack. x2
The orc warrior hits you with a scimitar of electrocution!
* * * LOW HITPOINT WARNING * * *
The orc knight hits you with a war axe!!
You die...

, ##...... ##
#..#.()# .# ,
##.........##
#...#.o.#...# ,,
##.....(o....##
#....#.oo#....#
,,
#.....)ooo....#
#....#oo@#ยง...#
#......oo..[..#
**
#....#...#....#
##...........##
#...#...#...#
##.).......##
#..#.[.#..#
##.......## # ##
#######...#####


You could see 4 orc knights, a bezotted orc high priest (confused), 2 orc
warriors and 4 orc priests.

Vanquished Creatures
  A stone giant (Orc:1)
  Fannar (D:11)
  4 two-headed ogres
  An orc high priest (Orc:2)
  Nergalle (D:11)
  2 orc knights
  Maurice (D:11)
  3 polar bears (D:10)
  3 trolls
  2 hornets
  Prince Ribbit (D:6)
  3 hippogriffs
  6 yaks (D:9)
  Eustachio (D:5)
  A wyvern (D:9)
  A hog (D:10)
  A hungry ghost (D:9)
  A warg (Orc:1)
  A water moccasin (D:9)
  2 ice beasts (D:8)
  31 orc warriors
  A phantom (D:5)
  A black bear (D:10)
  A necrophage (D:8)
  4 ogres
  2 centaurs
  3 big kobolds
  A gnoll sergeant (D:10)
  4 bullfrogs
  A wyvern zombie (D:9)
  7 scorpions
  9 killer bees
  15 wights
  4 howler monkeys
  3 crimson imps
  2 centaur zombies
  A quasit (D:7)
  2 bullfrog zombies
  13 orc wizards
  5 hounds
  14 orc priests
  Crazy Yiuf (D:2)
  A jelly (D:10)
  2 bullfrog skeletons
  2 iguanas
  8 worker ants
  A killer bee zombie (D:10)
  A hound zombie (D:8)
  A hound skeleton (D:5)
  A worker ant zombie (D:5)
  A howler monkey zombie (D:5)
  Robin (D:2)
  11 gnolls
  11 adders
  7 river rats
  4 shadow imps
  An ooze (Sewer)
  2 adder zombies (D:9)
  2 worms
  5 leopard geckos
  89 orcs
  7 ball pythons
  3 bats (D:1)
  7 giant cockroaches
  17 goblins
  11 hobgoblins
  17 jackals
  4 quokkas
  4 frilled lizards
  31 kobolds
  A leopard gecko skeleton (D:4)
  3 quokka skeletons
  25 rats
443 creatures vanquished.

Vanquished Creatures (others)
  A goblin (D:2)
1 creature vanquished.

Grand Total: 444 creatures vanquished

Notes
Turn   | Place    | Note
-------+----------+-------------------------------------------
     0 | D:1      | HAWKINGL3623 the Deep Dwarf Fighter began the quest for the Orb.
     0 | D:1      | Reached XP level 1. HP: 20/20 MP: 1/1
   111 | D:1      | Reached XP level 2. HP: 24/27 MP: 2/2
   461 | D:2      | Reached XP level 3. HP: 28/34 MP: 3/3
   498 | D:2      | Found a runed door.
   589 | D:2      | Found a hide-covered altar of Uskayaw.
   686 | D:2      | Noticed Robin
   702 | D:2      | Killed Robin
   702 | D:2      | Reached XP level 4. HP: 27/42 MP: 4/4
   753 | D:2      | Reached skill level 3 in Axes
   768 | D:2      | Found a glowing silver altar of Zin.
   768 | D:2      | Noticed an angel
   774 | D:2      | Became a worshipper of Zin the Law-Giver
  1072 | D:2      | Reached * piety under Zin
  1234 | D:2      | Noticed Crazy Yiuf
  1242 | D:2      | Killed Crazy Yiuf
  1381 | D:3      | Reached XP level 5. HP: 47/49 MP: 5/5
  1418 | D:3      | Reached skill level 1 in Slings
  1456 | D:3      | Found a burning altar of Makhleb.
  2181 | D:4      | Found an opulent altar of Gozag.
  2183 | D:4      | Found a bloodstained altar of Trog.
  2183 | D:4      | Found a sparkling altar of Nemelex Xobeh.
  2188 | D:4      | Found a shadowy altar of Dithmenos.
  2188 | D:4      | Found a shimmering altar of Xom.
  2188 | D:4      | Found a shimmering altar of Xom.
  2365 | D:4      | Noticed an ogre
  2373 | D:4      | Killed an ogre
  2373 | D:4      | Reached skill level 4 in Axes
  2373 | D:4      | Reached XP level 6. HP: 26/56 MP: 6/6
  2536 | D:4      | Found a staircase to the Ecumenical Temple.
  2877 | D:4      | Reached ** piety under Zin
  3034 | Temple   | Entered the Ecumenical Temple
  3099 | D:5      | Entered Level 5 of the Dungeon
  3115 | D:5      | Reached XP level 7. HP: 59/63 MP: 7/7
  3155 | D:5      | Reached skill level 1 in Invocations
  3198 | D:5      | Found a glowing drain.
  3221 | Sewer    | Entered a sewer
  3985 | D:5      | Reached skill level 5 in Axes
  3985 | D:5      | Reached skill level 5 in Slings
  3985 | D:5      | Reached skill level 1 in Dodging
  4045 | D:5      | Reached XP level 8. HP: 52/73 MP: 9/9
  4500 | D:5      | Reached skill level 5 in Armour
  4546 | D:5      | Noticed mattiecakes's ghost (novice TrFi)
  4577 | D:5      | Reached skill level 1 in Short Blades
  4594 | D:5      | Noticed Eustachio
  4610 | D:5      | Killed Eustachio
  4610 | D:5      | Reached skill level 5 in Shields
  5230 | D:6      | Noticed Prince Ribbit
  5237 | D:6      | Reached skill level 1 in Stealth
  5244 | D:6      | Killed Prince Ribbit
  5268 | D:6      | Reached *** piety under Zin
  5387 | D:6      | Identified a scroll of acquirement
  5470 | D:6      | Reached skill level 6 in Axes
  5478 | D:6      | Found a bloodstained altar of Trog.
  5748 | D:6      | Found a deep blue altar of Sif Muna.
  5833 | D:7      | Reached **** piety under Zin
  6922 | D:7      | Gained mutation: You passively map the area around you. [Deep Dwarf growth]
  6922 | D:7      | Reached XP level 9. HP: 49/80 MP: 11/11
  7067 | D:7      | Reached skill level 5 in Fighting
  7175 | D:8      | Donated 183 gold pieces to Zin
  7228 | D:8      | a hound zombie gained the power of zot (level 1).
  7314 | D:8      | Reached ***** piety under Zin
  7387 | D:8      | Found a sparkling altar of Nemelex Xobeh.
  7450 | D:8      | Found a glowing golden altar of the Shining One.
  7450 | D:8      | Noticed an oklob plant
  7841 | D:8      | Reached skill level 7 in Axes
  8022 | D:8      | Reached skill level 1 in Evocations
  8046 | D:8      | Reached skill level 1 in Throwing
  8175 | D:8      | Noticed a two-headed ogre
  8193 | D:8      | Killed a two-headed ogre
  8308 | D:9      | Reached XP level 10. HP: 56/90 MP: 12/12
  8473 | D:9      | Found an iron altar of Okawaru.
  8588 | D:9      | Reached skill level 8 in Axes
  8588 | D:9      | Reached skill level 5 in Invocations
  8946 | D:9      | Noticed a two-headed ogre
  8947 | D:9      | Found a snail-covered altar of Cheibriados.
  8951 | D:9      | a bullfrog gained the power of zot (level 1).
  8975 | D:9      | Killed a two-headed ogre
  8998 | D:9      | Got a faintly humming scale mail
  8999 | D:9      | Identified the +1 scale mail of the Fisher {rElec rCorr Str+3} (You found it on level 9 of the Dungeon)
  9004 | D:9      | Found Jasa's Jewellery Shoppe.
  9619 | D:10     | Entered Level 10 of the Dungeon
  9621 | D:10     | Noticed a two-headed ogre
  9636 | D:10     | Killed a two-headed ogre
  9636 | D:10     | Reached skill level 9 in Axes
  9636 | D:10     | Reached XP level 11. HP: 71/99 MP: 12/12
  9671 | D:10     | Got a smoking plate armour
  9672 | D:10     | Identified the cursed +1 plate armour of the Sun {rElec Dex+3} (You found it on level 10 of the Dungeon)
  9692 | D:10     | Found a huge runed gate.
  9692 | D:10     | Found a huge runed gate.
  9693 | D:10     | Found a huge runed gate.
  9694 | D:10     | Found a huge runed gate.
  9877 | D:10     | Found a staircase to the Orcish Mines.
 10446 | D:11     | a worker ant gained the power of zot (level 1).
 10446 | D:11     | something gained the power of zot (level 1).
 10446 | D:11     | a black bear gained the power of zot (level 1).
 10446 | D:11     | something gained the power of zot (level 1).
 10446 | D:11     | something gained the power of zot (level 1).
 10446 | D:11     | a polar bear gained the power of zot (level 1).
 10446 | D:11     | a polar bear gained the power of zot (level 1).
 10446 | D:11     | something gained the power of zot (level 1).
 10446 | D:11     | something gained the power of zot (level 1).
 10446 | D:11     | something gained the power of zot (level 1).
 10446 | D:11     | a hog gained the power of zot (level 1).
 10446 | D:11     | something gained the power of zot (level 1).
 10446 | D:11     | something gained the power of zot (level 1).
 10446 | D:11     | a dream sheep gained the power of zot (level 1).
 10468 | D:11     | Noticed Maurice
 10484 | D:11     | Killed Maurice
 10572 | D:11     | Noticed Nergalle
 10589 | D:11     | Killed Nergalle
 10589 | D:11     | Reached skill level 10 in Axes
 10720 | D:11     | Noticed a two-headed ogre
 10753 | D:11     | Killed a two-headed ogre
 10848 | D:11     | Noticed Fannar
 10871 | D:11     | Killed Fannar
 10935 | D:11     | Noticed a death knight
 10944 | D:10     | a death knight gained the power of zot (level 1).
 11021 | Orc:1    | Entered Level 1 of the Orcish Mines
 11099 | Orc:1    | Found a flagged portal.
 11101 | Orc:1    | Found Citelo Ubra's Antique Armour Shop.
 11115 | Bailey   | Entered a bailey
 11436 | Bailey   | Reached skill level 1 in Unarmed Combat
 11436 | Bailey   | Reached skill level 1 in Spellcasting
 11436 | Bailey   | Reached XP level 12. HP: 109/109 MP: 13/13
 11440 | Orc:1    | something gained the power of zot (level 1).
 11440 | Orc:1    | an orc warrior gained the power of zot (level 1).
 11440 | Orc:1    | an orc warrior gained the power of zot (level 1).
 11440 | Orc:1    | an orc knight gained the power of zot (level 1).
 11440 | Orc:1    | something gained the power of zot (level 1).
 11476 | Orc:1    | Bought a glowing helmet for 225 gold pieces
 11762 | Orc:1    | Noticed a stone giant
 11806 | Orc:1    | Killed a stone giant
 11813 | Orc:1    | Reached ****** piety under Zin
 12206 | Orc:2    | Entered Level 2 of the Orcish Mines
 12219 | Orc:2    | Reached XP level 13. HP: 50/117 MP: 14/14
 12240 | Orc:2    | Reached skill level 10 in Shields
 12305 | Orc:2    | Reached skill level 5 in Stealth
 12315 | Orc:2    | Reached skill level 11 in Axes
 12389 | Orc:2    | an orc high priest gained the power of zot (level 1).
 12408 | Orc:2    | Slain by an orc knight

Vault maps used:
D:1:      grunt_arrival_lava_bath
D:2:      lemuel_crystal_altar, zin_angel, uniq_crazy_yiuf_cottage, uniq_robin
D:3:      bloody_makhleb, dk_noncrumbling_2, roderic_greek_sauvastika
D:4:      doesnt_xom_only_xom, temple_pool_b
D:5:      portal_sewer_entry_c, first_bread, uniq_eustachio
D:6:      kennysheep_mini, trog_butcher_becter, uniq_prince_ribbit1
D:8:      nemelex_altar_shiori, lemuel_oklob_altar
D:9:      overflow_temple_1_default, lemuel_round_altar, serial_shops,
          nicolae_shop_trees
D:10:     lemuel_bear_cage, orc_0_dummy
D:11:     lair_entry_dummy, uniq_maurice, uniq_nergalle, uniq_fannar
Temple:   minmay_temple_curvy_branch
Orc:1:    enter_bailey_3, serial_shops, shop
Orc:2:    st_orc_pillars
Sewer:    sewer_minmay_treatment
Bailey:   bailey_polearm_2, bailey

Skill      XL: |  1  2  3  4  5  6  7  8  9 10 11 12 13 |
---------------+----------------------------------------+-----
Fighting       | 3 4 5 6 7 |  7.8
Axes           | 3 4 5 6 7 9 10 11 | 11.1
Slings         | 3 4 5 6 7 8 9 |  9.0
Armour         | 4 5 6 7 8 9 |  9.4
Shields        | 4 5 6 7 9 10 | 10.1
Invocations    | 1 3 4 5 7 |  7.9
Dodging        | 1 2 3 |  3.3
Short Blades   | 1 2 |  2.6
Stealth        | 1 2 4 6 |  6.0
Evocations     | 1 2 3 |  3.8
Throwing       | 1 2 3 |  3.1
Unarmed Combat | 1 |  1.5
Spellcasting   | 1 |  1.4

Action                   |  1- 3 |  4- 6 |  7- 9 | 10-12 | 13-15 || total
-------------------------+-------+-------+-------+-------+-------++-------
Melee: War axe           |   144 |    43 |       |       |       ||   187
       Hand axe          |       |    80 |   306 |   463 |    93 ||   942
       Dagger            |       |     5 |    66 |       |       ||    71
 Fire: Hunting sling     |       |   101 |   130 |   153 |       ||   384
Throw: Stone             |    11 |       |     7 |     1 |       ||    19
       Tomahawk          |       |     3 |    11 |    13 |     5 ||    32
       Throwing net      |       |       |       |     3 |       ||     3
Invok: Recite            |       |     3 |    21 |    26 |     3 ||    53
       Donate Gold       |       |       |     1 |       |       ||     1
       Sanctuary         |       |       |       |     1 |       ||     1
 Abil: Heal Wounds       |       |       |     5 |    33 |    22 ||    60
       Evoke Flight      |       |       |     1 |     3 |       ||     4
       Stop Flying       |       |       |       |     1 |       ||     1
Evoke: Wand              |       |       |     7 |     1 |       ||     8
  Use: Potion            |     3 |     8 |     8 |     2 |     1 ||    22
       Scroll            |     6 |     4 |    10 |    11 |       ||    31
 Stab: Invisible         |       |     1 |     1 |    12 |    13 ||    27
       Paralysed         |       |       |       |     5 |     6 ||    11
       Confused          |       |       |       |       |     3 ||     3
  Eat: Chunk             |       |     5 |     3 |     5 |       ||    13
       Bread ration      |       |     1 |     1 |     2 |       ||     4
       Fruit             |       |       |     2 |       |       ||     2
       Meat ration       |       |       |     1 |       |       ||     1
Armor: Scale mail        |    50 |       |       |       |       ||    50
       Plate armour      |    43 |    88 |   191 |   293 |    40 ||   655
Dodge: Dodged            |    38 |    20 |    74 |   153 |    41 ||   326
       Deflected         |       |     1 |     4 |    14 |       ||    19
Block: Shield            |    88 |    62 |   189 |   362 |   101 ||   802
